 Dungeon Crawl Stone Soup version 0.31-a0-705-ga145531891 (webtiles) character file.

Game seed: 9370343144294289058

21 Ofeo the Ruffian (level 2, 0/31 HPs)
             Began as a Demonspawn Shapeshifter on Sept 10, 2023.
             Slain by an adder (1 damage)
             ... on level 1 of the Dungeon.
             The game lasted 00:00:59 (978 turns).

Ofeo the Ruffian (Demonspawn Shapeshifter)           Turns: 978, Time: 00:01:00

Health: 0/31       AC: 21    Str: 20    XL:     2   Next: 62%
Magic:  2/2        EV:  2    Int: 11    God:
Gold:   49         SH:  0    Dex: 12    Spells: 1/1 levels left

rFire   . .          .
                       - Unarmed
rCold   . . .        (no shield)
rNeg    . . .        a - melded +0 animal skin
rPois   +            (helmet currently unavailable)
rElec   .            (cloak currently unavailable)
rCorr   .            (gloves currently unavailable)
SInv    +            (boots currently unavailable)
Will    .....        (no amulet)
Stlth   +            e - +6 ring of strength
HPRegen 0.25/turn    f - ring of see invisible
MPRegen 0.08/turn

%: no passive effects
@: lethally poisoned (0 -> -3), tree-form
A: stationary, stasis, torment immunity, boosted hp, (sturdy frame 1)
a: no special abilities


You were on level 1 of the Dungeon.
You were a tree.
You visited 1 branch of the dungeon, and saw 2 of its levels.

You collected 49 gold pieces.

Inventory:

Armour
 a - a +0 animal skin (melded)
Jewellery
 e - a +6 ring of strength (left branch)
 f - a ring of see invisible (right branch)
Talismans
 c - a beast talisman
 d - a flux talisman
Scrolls
 g - a scroll of enchant armour
Potions
 l - a potion of lignification
 I - a potion of invisibility


   Skills:
 + Level 1.5 Fighting
 + Level 2.1 Dodging
 + Level 2.9 Unarmed Combat
 + Level 2.9 Shapeshifting


You had one spell level left.
You didn't know any spells.
Your spell library contained the following spells:

 Spells                   Type           Power      Damage    Failure   Level
 Freeze                   Ice            0%         1d3       34%         1
 Frozen Ramparts          Ice            0%         1d1       71%         3
 Hailstorm                Conj/Ice       0%         3d3       71%         3


Dungeon Overview and Level Annotations

Branches:
Dungeon (2/15)

Altars:


Innate Abilities, Weirdness & Mutations

You are a tree.
Your roots penetrate the ground, keeping you stationary.
You cannot be teleported.
You are immune to unholy pain and torment.
Your maximum health is greatly increased.
Your equipment is partially melded.
((Your movements are slightly less encumbered by armour. (ER -2)))


Message History

The giant cockroach is severely wounded.
The giant cockroach bites you but does no damage.
You hit the giant cockroach.
You kill the giant cockroach!
You hit the kobold.
You kill the kobold!
You barely miss the adder. The adder bites you. x2
You are poisoned.
The adder poisons you!
You take 6 damage, and have 15/21 hp.
MASSIVE DAMAGE!!
You hit the adder.
The adder is moderately wounded.
You feel sick. The adder bites you.
You are more poisoned.
The adder poisons you!
You take 3 damage, and have 12/21 hp.
You hit the adder.
The adder is moderately wounded.
You feel sick. The adder bites you.
You take 5 damage, and have 7/21 hp.
MASSIVE DAMAGE!!
You closely miss the adder.
The adder is moderately wounded.
* * * LOW HITPOINT WARNING * * *
You feel sick. The adder bites you.
* * * LOW HITPOINT WARNING * * *
You take 4 damage, and have 3/21 hp.
You miss the adder. You punch the adder.
The adder is severely wounded.
* * * LOW HITPOINT WARNING * * *
You feel sick. The adder closely misses you.
You take 2 damage, and have 1/21 hp.
Okay, then.
Okay, then.
Your transformation has ended.
You turn into a tree.
Your +0 animal skin melds into your body.
Your roots penetrate the ground.
* * * LOW HITPOINT WARNING * * *
You feel sick. The adder bites you.
You die...

#######.# ##.......## ##.##
...#....####.........####...##
...#.......+....)....'.......#
##.#....####.........####...##
#......# ##.......## ##.##
#####.## ##.....## #.# #.#
##...## #.# #.# ##'## ##.# #.#
#♣# #..# #.#########S# #.##
#.#.......(.#### #.#
#.......>......# #.#
###.#####......#####.# #.#
##...#.......#
#.#######.##########
#.........# ###########


You could see an adder.

Vanquished Creatures
  A worm (D:2)
  A dart slug (D:1)
  2 endoplasms (D:1)
  2 giant cockroaches (D:1)
  2 quokkas (D:1)
  3 bats (D:1)
  3 frilled lizards (D:1)
  A kobold (D:1)
  2 rats (D:1)
17 creatures vanquished.

Notes
Turn   | Place    | Note
-------+----------+-------------------------------------------
     0 | D:1      | Ofeo the Demonspawn Shapeshifter began the quest for the
                  | Orb.
     0 | D:1      | Reached XP level 1. HP: 15/15 MP: 1/1
   480 | D:1      | Gained mutation: Your movements are slightly less
                  | encumbered by armour. (ER -2) [demonic ancestry]
   480 | D:1      | Reached XP level 2. HP: 21/21 MP: 2/2
   977 | D:1      | HP: 1/21 [poisoned by an adder]
   978 | D:1      | Slain by an adder

Illustrated notes

Levels and vault maps discovered:
D:1:      wander_arrival_lonely_grave, layout_loops_corners,
          reono_crystal_passage, minmay_crystal_room,
          nicolae_figureground_sparkle
D:2:      mumra_celtic_spiral_tile, layout_loops_ring, uniq_terence,
          uniq_crazy_yiuf_cottage

Skill      XL: |  1 |
---------------+----+-----
Dodging        | 2 |  2.1
Fighting       | |  1.5
Unarmed Combat | |  2.9
Shapeshifting  | |  2.9

Action                     || total
---------------------------++-------
  Melee: Unarmed           ||    53
         Punch             ||     1
    Use: Scroll            ||     4
         Potion            ||     1
   Stab: Sleeping          ||     2
 Armour: Animal skin       ||    32
         Skin              ||     1
  Dodge: Dodged            ||    38

Table legend: (Time is in decaauts)
 A = Elapsed time spent in this place.
 B = Non-inter-level travel time spent in this place.
 C = Inter-level travel time spent in this place.
 D = Time resting spent in this place.
 E = Time spent auto-exploring this place.
 F = Levels seen in this place.
 G = Mean time per level.
                   A        B        C        D        E       F      G
               +--------+--------+--------+--------+--------+-----+--------+
         Total |    975 |    932 |     43 |     17 |    750 |   2 |  487.5 |
       Dungeon |    975 |    932 |     43 |     17 |    750 |   2 |  487.5 |
               +--------+--------+--------+--------+--------+-----+--------+

Top non-repeatable levels by time:
     D:1: 952 daAuts
     D:2: 22 daAuts
